 Dungeon Sprint DCSS version 0.27.1-1-g398f81649c (webtiles) character file.

Game seed: 13716944645757465660

1013 ugugthedestroyer the Fighter (level 8, -7/82 HPs)
             Began as a Pale Draconian Abyssal Knight on Sept 7, 2021.
             Was an Elder of Lugonu.
             Mangled by a two-headed ogre (23 damage)
             ... in the Dungeon (Sprint IX: "|||||||||||||||||||||||||||||").
             The game lasted 00:01:38 (275 turns).

ugugthedestroyer the Fighter (DrAK)                  Turns: 275, Time: 00:01:38

Health: -7/82      AC:  9    Str: 17    XL:     8   Next: 1%
Magic:  9/14       EV: 14    Int: 16    God:    Lugonu [****..]
Gold:   0          SH:  0    Dex: 10    Spells: 7/7 levels left

rFire    . . .     SeeInvis .   i - +2 scimitar (elec)
rCold    . . .     Faith    .   (no shield)
rNeg     . . .     Spirit   .   (armour unavailable)
rPois    .         Reflect  .   (helmet restricted)
rElec    .         Harm     .   (no cloak)
rCorr    .         Rampage  .   j - +0 pair of gloves
Will     .....     NoTele   +   (no boots)
Stlth    +.........             (no amulet)
HPRegen  0.23/turn              k - +2 ring of protection
MPRegen  0.14/turn              l - +3 ring of intelligence

@: short of breath, very slightly contaminated, invisible (expiring)
A: breathe steam, AC +6, unfitting armour, cold-blooded, steam resistance
a: Breathe Steam, Renounce Religion, Bend Space, Banish, Corrupt


You were in the Dungeon.
You worshipped Lugonu.
Lugonu was greatly pleased with you.
You visited 1 branch

Inventory:

Hand Weapons
 a - a +1 falchion
 i - a +2 scimitar of electrocution (weapon)
Armour
 j - a +0 pair of gloves (worn)
Jewellery
 k - a +2 ring of protection (left hand)
 l - a +3 ring of intelligence (right hand)
Wands
 h - a wand of iceblast (10)
Scrolls
 f - 2 scrolls of amnesia
 g - 2 scrolls of blinking
Potions
 b - 5 potions of curing
 d - 2 potions of heal wounds
 e - 4 potions of magic


   Skills:
 + Level 11.1 Fighting
 + Level 10.8 Long Blades
 + Level 6.6 Dodging
 + Level 0.9 Stealth
 * Level 8.0 Invocations


You had 7 spell levels left.
You didn't know any spells.
Your spell library was empty.

Dungeon Overview and Level Annotations

Branches:
Dungeon (1/1)

Altars:
Cheibriados
Dithmenos
Elyvilon
Fedhas
Gozag
Hepliaklqana
Kikubaaqudgha
Makhleb
Nemelex Xobeh
Okawaru
Qazlal
Ru
Sif Muna
Trog
Uskayaw
Vehumet
Wu Jian
Xom
Yredelemnul
Zin
The Shining One
Beogh
Jiyva
Lugonu


Innate Abilities, Weirdness & Mutations

You can breathe blasts of scalding, opaque steam.
Your pale cyan-grey scales are hard. (AC +6)
You cannot fit into any form of body armour.
You are cold-blooded and may be slowed by cold attacks.
You are immune to the effects of steam.


Message History

You flicker for a moment.
The two-headed ogre misses you.
The two-headed ogre hits you with a +0 giant spiked club!
Unknown command.
You hit the two-headed ogre.
Lightning courses through the two-headed ogre!!
You kill the two-headed ogre!
Lugonu accepts your kill.
Your Fighting skill gained 2 levels and is now at level 11!
Your Long Blades skill gained 2 levels and is now at level 10!
Your Dodging skill increases to level 6!
Your Invocations skill gained 3 levels and is now at level 8!
You have reached level 7!
Your scales start taking on a pale cyan-grey colour.
You learn Fire Magic quicker.
You learn Air Magic quicker.
You learn Evocations quicker.
You can breathe blasts of scalding, opaque steam.
You are now immune to the effects of steam.
You have reached level 8!
You feel clever.
Press: ? - help, Shift-Dir - straight line, f - wyvern
Aim: a wyvern You exhale a blast of scalding steam.
The ball of steam hits the two-headed ogre.
The two-headed ogre is lightly wounded.
You hit the two-headed ogre.
Lightning courses through the two-headed ogre!
You tail-slap the two-headed ogre, but do no damage.
The two-headed ogre is heavily wounded.
The two-headed ogre is engulfed in a cloud of scalding steam.
The two-headed ogre hits you with a +0 giant club!
* * * LOW HITPOINT WARNING * * *
The two-headed ogre barely misses you.
You hit the two-headed ogre but do no damage.
The two-headed ogre is severely wounded.
The orc wizard is engulfed in a cloud of scalding steam.
The two-headed ogre is engulfed in a cloud of scalding steam.
The two-headed ogre completely misses you.
The two-headed ogre hits you with a +0 giant club!!
You die...

▓.▓
▓.▓
▓)▓
▓.▓
▓.▓
▓[▓
▓[▓
▓.▓
▓@▓
▓O▓
▓o▓
▓§▓
▓l▓
▓.▓
▓.▓
▓.▓


You could see a two-headed ogre and an orc wizard.

Vanquished Creatures
  A two-headed ogre (D)
  A shadow (D)
  An ice beast (D)
  An ogre (D)
  A gnoll shaman (D)
  An adder zombie (D)
  A dart slug (D)
  A quokka (D)
  3 ball pythons (D)
  A jackal zombie (D)
  A kobold (D)
13 creatures vanquished.

Notes
Turn   | Place    | Note
-------+----------+-------------------------------------------
     0 | D        | ugugthedestroyer the Draconian Abyssal Knight began the
                  | quest for the Orb.
     0 | D        | Reached XP level 1. HP: 19/19 MP: 2/2
     8 | D        | Reached ** piety under Lugonu
    13 | D        | Reached skill level 4 in Fighting
    65 | D        | Noticed an ice beast
    65 | D        | Noticed a gnoll shaman
    65 | D        | Noticed an ogre
    74 | D        | Killed an ice beast
    75 | D        | Reached skill level 7 in Fighting
    75 | D        | Reached skill level 5 in Long Blades
    75 | D        | Reached XP level 2. HP: 34/34 MP: 2/4
    75 | D        | Reached XP level 3. HP: 39/39 MP: 2/5
    75 | D        | Reached XP level 4. HP: 47/47 MP: 2/6
    77 | D        | Reached *** piety under Lugonu
    89 | D        | Killed an ogre
    90 | D        | Reached skill level 8 in Fighting
    90 | D        | Reached XP level 5. HP: 28/56 MP: 3/8
   111 | D        | Found a snail-covered altar of Cheibriados.
   111 | D        | Found a shadowy altar of Dithmenos.
   111 | D        | Found a white marble altar of Elyvilon.
   111 | D        | Found a blossoming altar of Fedhas.
   111 | D        | Found an opulent altar of Gozag.
   112 | D        | Found a hazy altar of Hepliaklqana.
   113 | D        | Found a viscous altar of Jiyva.
   114 | D        | Found an ancient bone altar of Kikubaaqudgha.
   115 | D        | Found a corrupted altar of Lugonu.
   116 | D        | Found a burning altar of Makhleb.
   117 | D        | Found a sparkling altar of Nemelex Xobeh.
   118 | D        | Found an iron altar of Okawaru.
   119 | D        | Found a stormy altar of Qazlal.
   120 | D        | Found a sacrificial altar of Ru.
   121 | D        | Found a shimmering blue altar of Sif Muna.
   122 | D        | Found a bloodstained altar of Trog.
   123 | D        | Found a hide-covered altar of Uskayaw.
   124 | D        | Found a radiant altar of Vehumet.
   125 | D        | Found an ornate altar of the Wu Jian Council.
   126 | D        | Found a shimmering altar of Xom.
   127 | D        | Found a basalt altar of Yredelemnul.
   128 | D        | Found a glowing silver altar of Zin.
   129 | D        | Found a glowing golden altar of the Shining One.
   256 | D        | Noticed a shadow
   256 | D        | Noticed a two-headed ogre
   256 | D        | Noticed a two-headed ogre
   256 | D        | Noticed a wyvern
   261 | D        | Killed a shadow
   261 | D        | Reached **** piety under Lugonu
   262 | D        | Reached skill level 9 in Fighting
   262 | D        | Reached skill level 5 in Dodging
   262 | D        | Reached skill level 5 in Invocations
   262 | D        | Reached XP level 6. HP: 60/66 MP: 8/10
   272 | D        | Killed a two-headed ogre
   273 | D        | Reached skill level 11 in Fighting
   273 | D        | Reached skill level 10 in Long Blades
   273 | D        | Your scales start taking on a pale cyan-grey colour.
   273 | D        | Reached XP level 7. HP: 24/74 MP: 9/13
   273 | D        | Gained mutation: You are immune to the effects of steam.
                  | [Pale Draconian growth]
   273 | D        | Reached XP level 8. HP: 26/82 MP: 9/14
   275 | D        | Mangled by a two-headed ogre

Illustrated notes

Levels and vault maps discovered:
D:        linesprint [early_d, line_temple, items_1, d_10, items_2, lair_1,
          lair_end, items_3, orc_1, orc_end, items_4, d_15, swamp_1, shoals_1,
          snake_1, spider_1, d_20, vaults_1, items_5, swamp_end, shoals_end,
          snake_end, spider_end, vaults_end, d_27, items_6, zot_1, zot_end,
          crypt_end, forest_end, elf_end, slime_end, tomb_end, abyss_end,
          pan_hell_end]

Skill      XL: |  1  2  3  4  5  6 |
---------------+-------------------+-----
Fighting       | 7 8 9 11 | 11.1
Long Blades    | 5 6 8 10 | 10.8
Dodging        | 3 4 5 6 |  6.6
Invocations    | 3 4 5 8 |  8.0
Stealth        | |  0.9

Action                   |  1- 3 |  4- 6 |  7- 9 || total
-------------------------+-------+-------+-------++-------
Melee: Falchion          |    19 |    13 |       ||    32
       Tailslap          |       |     2 |     1 ||     3
       Scimitar          |       |    15 |     2 ||    17
 Abil: Breathe Steam     |       |       |     1 ||     1
  Use: Potion            |     1 |     3 |       ||     4
Armor: Skin              |     3 |     1 |       ||     4
Dodge: Dodged            |     9 |    16 |     2 ||    27
       Rpst.: Falchion   |     1 |     2 |       ||     3
       Scimitar          |       |     1 |       ||     1
